 Dungeon Crawl Stone Soup version 0.27.1-3-gb3d3a73c9e (webtiles) character file.

Game seed: 13262445343176320117

77 Urokeeper the Charlatan (level 4, -5/25 HPs)
             Began as a Kobold Artificer on Oct 14, 2021.
             Slain by a worm (6 damage)
             ... on level 2 of the Dungeon.
             The game lasted 00:08:39 (1871 turns).

Urokeeper the Charlatan (Kobold Artificer)          Turns: 1871, Time: 00:08:39

Health: -5/25      AC:  3    Str: 10    XL:     4   Next: 58%
Magic:  4/4        EV: 14    Int: 12    God:
Gold:   64         SH:  0    Dex: 15    Spells: 3/3 levels left

rFire    . . .     SeeInvis .   l - +0 trident
rCold    + . .     Faith    .   (shield currently unavailable)
rNeg     . . .     Spirit   .   b - +0 leather armour
rPois    .         Reflect  .   (no helmet)
rElec    .         Harm     .   (no cloak)
rCorr    .         Rampage  .   (no gloves)
Will     .....                  (no boots)
Stlth    +++.......             (no amulet)
HPRegen  0.08/turn              k - ring of protection from cold
MPRegen  0.09/turn              (no ring)

@: no status effects
A: small, no large weapons, nightstalker 3
a: no special abilities


You were on level 2 of the Dungeon.
You visited 1 branch of the dungeon, and saw 2 of its levels.

You collected 64 gold pieces.

Inventory:

Hand Weapons
 a - a +0 club
 c - a +2 dagger of holy wrath
 h - a +0 dagger
 j - a +0 hand axe
 l - a +0 trident (weapon)
Missiles
 m - 7 javelins
 n - 24 bolts
Armour
 b - a +0 leather armour (worn)
Jewellery
 k - a ring of protection from cold (left hand)
Wands
 d - a wand of charming (12) (quivered)
Scrolls
 f - a scroll of fear {unknown}
 i - a scroll of identify {unknown}
Potions
 g - a potion of attraction {unknown}
Miscellaneous
 e - a piece from Xom's chessboard (15/15)


   Skills:
 - Level 1.1 Fighting
 + Level 1.9 Short Blades
 - Level 0.7 Armour
 - Level 2.4 Dodging
 + Level 4.0 Stealth
 - Level 4.7 Evocations


You had 3 spell levels left.
You didn't know any spells.
Your spell library was empty.

Dungeon Overview and Level Annotations

Branches:
Dungeon (2/15)

Altars:
Wu Jian


Innate Abilities, Weirdness & Mutations

You are small and have problems with some larger weapons.
You are completely attuned to the shadows.


Message History

You hit the worm.
The worm is moderately wounded.
The worm barely misses you.
You hit the worm.
The worm is moderately wounded.
The worm completely misses you.
You hit the worm.
The worm is heavily wounded.
You hit the worm.
The worm is severely wounded.
The worm barely misses you.
You barely miss the worm.
The worm is severely wounded.
The worm bites you.
You barely miss the worm.
The worm is severely wounded.
The worm bites you.
You hit the worm.
The worm is severely wounded.
The worm bites you!
* * * LOW HITPOINT WARNING * * *
Aiming: Charm
Press: ? - help, Q - select action, (/) - cycle Shift-Dir - straight line, f - worm
Aim: a worm (severely wounded, chance to affect: 68%)
The worm struggles to resist.
Unknown command.
Aiming: Charm
Press: ? - help, Q - select action, (/) - cycle Shift-Dir - straight line, f/p - worm
Aim: a worm (severely wounded, chance to affect: 68%)
The worm is charmed.
You start resting.
The worm is no longer charmed.
The worm bites you.
* * * LOW HITPOINT WARNING * * *
You completely miss the worm. The worm barely misses you.
You hit the worm.
The worm is moderately wounded.
You hit the worm.
The worm is moderately wounded.
The worm bites you.
You die...

#..........#
.♣..P###.#
..♣...##.#
#..[..♣♣..P#.#
#.#.#.PP♣PPP.#
#.......P♣♣..#
##..†...P..♣Pw#
....w......♣..#
####@#####P..P###
#.............
##############


You could see a worm.

Vanquished Creatures
  An orc priest (D:2)
  A dart slug (D:2)
  2 orcs (D:2)
  5 ball pythons
  6 endoplasms
  3 giant cockroaches
  A hobgoblin (D:1)
  3 jackals (D:1)
  6 bats
  2 frilled lizards (D:2)
  3 goblins (D:1)
  3 kobolds (D:1)
  5 rats
41 creatures vanquished.

Vanquished Creatures (others)
  16 plants (D:2)
16 creatures vanquished.

Grand Total: 57 creatures vanquished

Notes
Turn   | Place    | Note
-------+----------+-------------------------------------------
     0 | D:1      | Urokeeper the Kobold Artificer began the quest for the Orb.
     0 | D:1      | Reached XP level 1. HP: 12/12 MP: 1/1
   347 | D:1      | Reached XP level 2. HP: 14/16 MP: 2/2
   472 | D:1      | Found a faded altar of an unknown god.
   657 | D:1      | Reached XP level 3. HP: 20/20 MP: 3/3
  1240 | D:2      | Reached skill level 1 in Short Blades
  1240 | D:2      | Reached XP level 4. HP: 25/25 MP: 4/4
  1703 | D:2      | Found an ornate altar of the Wu Jian Council.
  1868 | D:2      | HP: 1/25 [worm (3)]
  1871 | D:2      | Slain by a worm

Illustrated notes

Levels and vault maps discovered:
D:1:      minmay_arrival_five_plusses, layout_basic,
          ebering_ecumenical_altar_webs
D:2:      layout_loops_ring, serial_forest, infiniplex_forest_clump_diagonal,
          infiniplex_forest_straight_5, infiniplex_forest_clump_diagonal,
          infiniplex_forest_straight_2, infiniplex_forest_end_3,
          infiniplex_forest_lined_2, infiniplex_forest_clump_C, basic_altar

Skill      XL: |  1  2  3  4 |
---------------+-------------+-----
Stealth        | 2 3 4 |  4.0
Evocations     | 4 |  4.7
Short Blades   | 1 |  1.9
Fighting       | |  1.1
Armour         | |  0.7
Dodging        | |  2.4

Action                   |  1- 3 |  4- 6 || total
-------------------------+-------+-------++-------
Melee: Club              |    21 |       ||    21
       Dagger            |    32 |    22 ||    54
       Hand axe          |       |    22 ||    22
       Trident           |       |    19 ||    19
Evoke: Wand              |    15 |     3 ||    18
 Stab: Sleeping          |     8 |     7 ||    15
Armor: Leather armour    |    11 |     9 ||    20
Dodge: Dodged            |    42 |    31 ||    73
